 Dungeon Crawl Stone Soup version 0.21-a0-437-ge5bf024 (webtiles) character file.

3805 kiturien the Blocker (level 10, -7/80 HPs)
             Began as a Gnoll Fighter on Nov 9, 2017.
             Was an Initiate of Wu Jian.
             Mangled by Gastronok (26 damage)
             ... on level 9 of the Dungeon.
             The game lasted 00:24:00 (6554 turns).

kiturien the Blocker (Gnoll Fighter)                Turns: 6554, Time: 00:24:02

Health: -7/80      AC:  7    Str: 22    XL:     10   Next: 17%
Magic:  19/19      EV: 11    Int: 11    God:    Wu Jian [......]
Gold:   82         SH: 11    Dex: 14    Spells: 18/18 levels left

rFire    x . .     SeeInvis .   a - +0 long sword
rCold    + + .     Gourm    .   c - +0 shield
rNeg     . . .     Faith    .   v - +0 scale mail {rPois}
rPois    +         Spirit   .   (helmet restricted)
rElec    .         Reflect  .   x - +0 cloak
rCorr    .         Harm     .   (no gloves)
MR       .....                  (no boots)
Stlth    ++........             (no amulet)
HPRegen  0.23/turn              i - ring of ice
MPRegen  0.16/turn              k - ring of protection from cold

@: lethally poisoned (-7 -> -7)
A: distributed training, claws 1, fangs 1, horns 1, blink, deformed body, high
mp 1, shaggy fur 1, strong nose
a: Blink, Renounce Religion


You were on level 9 of the Dungeon.
You worshipped Wu Jian.
Wu Jian was noncommittal.
You were not hungry.

You visited 2 branches of the dungeon, and saw 10 of its levels.

You collected 264 gold pieces.
You spent 182 gold pieces at shops.

Inventory:

Hand Weapons
 a - a +0 long sword (weapon)
Missiles
 q - 5 javelins (quivered)
Armour
 b - a +0 scale mail
 c - a +0 shield (worn)
 j - a +0 buckler
 v - a +0 scale mail of poison resistance (worn)
 x - a +0 cloak (worn)
Jewellery
 i - a ring of ice (left claw)
 k - a ring of protection from cold (right claw)
Wands
 t - a wand of iceblast (5/15)
 y - a wand of acid (6/15)
 A - a wand of lightning (1/15)
Scrolls
 e - 2 scrolls of identify
 g - 4 scrolls of teleportation
 l - a scroll of fear
 r - a scroll of magic mapping
Potions
 d - 3 potions of might
 m - 4 potions of agility
 o - 3 potions of brilliance
 w - a potion of heal wounds
 z - 2 potions of resistance
Books
 p - a book of Minor Magic

   Spells                             Type                      Level
   a - Magic Dart                     Conjuration                  1
   b - Blink                          Translocation                2
   c - Call Imp                       Summoning                    2
   d - Slow                           Hexes                        2
   e - Conjure Flame                  Conjuration/Fire             3
   f - Mephitic Cloud                 Conjuration/Poison/Air       3
Comestibles
 f - a bread ration
 h - 4 fruits
 n - 2 meat rations
 s - 2 royal jellies


   Skills:
 + Level 8.3 Fighting
 + Level 4.9 Short Blades
 + Level 6.8 Long Blades
 + Level 4.9 Axes
 + Level 4.9 Maces & Flails
 + Level 4.9 Polearms
 + Level 4.9 Staves
 + Level 4.9 Slings
 + Level 4.9 Bows
 + Level 4.9 Crossbows
 + Level 4.9 Throwing
 + Level 8.3 Armour
 + Level 4.9 Dodging
 + Level 4.9 Stealth
 + Level 8.3 Shields
 + Level 4.9 Unarmed Combat
 + Level 4.9 Spellcasting
 + Level 4.1 Conjurations
 + Level 4.1 Hexes
 + Level 4.1 Charms
 + Level 4.1 Summonings
 + Level 4.1 Necromancy
 + Level 4.1 Translocations
 + Level 4.1 Transmutations
 + Level 4.1 Fire Magic
 + Level 4.1 Ice Magic
 + Level 4.1 Air Magic
 + Level 4.1 Earth Magic
 + Level 4.1 Poison Magic
 + Level 5.4 Invocations
 + Level 4.9 Evocations


You had 18 spell levels left.
You didn't know any spells.

Dungeon Overview and Level Annotations

Branches:
Dungeon (9/15)             Temple (1/1) D:7
   Lair: D:8-11         Orc: D:9-12

Altars:
Ashenzari
Cheibriados
Dithmenos
Hepliaklqana
Makhleb
Okawaru
Ru
Trog
Wu Jian
Xom

Shops:
D:4 [

Annotations:
D:9 Gastronok


Innate Abilities, Weirdness & Mutations

Your experience applies equally to all skills.
You have very sharp teeth.
Your uncanny sense of smell can sniff out nearby items.
You have sharp fingernails.
You have a pair of small horns on your head.
You can translocate small distances at will.
Armour fits poorly on your strangely shaped body.
You have an increased reservoir of magic. (+10% MP)
You are covered in fur. (AC +1)


Message History

Gastronok the Ponderous comes into view.
You feel sick.
Found 20 arrows.
There is a stone staircase leading up here.
You slash the killer bee!
You kill the killer bee!
The Council accepts your kill.
You hit Gastronok. Your headbutt misses Gastronok.
Gastronok is lightly wounded.
Gastronok chants a spell, wobbling all the while.
Your skin takes on a slight green cast.
You slash Gastronok!
You headbutt Gastronok, but do no damage.
Gastronok is lightly wounded.
You feel sick.
You hit Gastronok.
You headbutt Gastronok, but do no damage.
Gastronok is lightly wounded.
Gastronok bites you!!
You die...

# #########.#
.......@†.#
#####.w........
#(#.###.#..
#.#.. .. # ###
.


You could see Gastronok.

Vanquished Creatures
  Pikel (D:7)
  Joseph (D:7)
  A gargoyle (D:6)
  A queen bee (D:8)
  A hippogriff (D:7)
  A hungry ghost (D:8)
  Edmund (D:6)
  Duvessa (D:6)
  An ice beast (D:5)
  2 orc warriors
  A phantom (D:8)
  4 ogres
  2 centaurs (D:7)
  2 bullfrogs (D:6)
  Dowan (D:6)
  A scorpion (D:7)
  5 killer bees
  3 wights (D:5)
  A howler monkey (D:4)
  2 crimson imps
  2 hounds
  A jelly (D:8)
  2 centaur skeletons
  2 orc priests
  Crazy Yiuf (D:5)
  10 orc wizards
  5 worker ants
  A killer bee zombie (D:7)
  A hound skeleton (D:7)
  A worker ant zombie (D:7)
  A howler monkey skeleton (D:8)
  5 adders
  An adder skeleton (D:5)
  3 worms
  A dart slug (D:2)
  7 leopard geckos
  26 orcs
  2 ball pythons
  9 giant cockroaches
  A goblin (D:3)
  5 hobgoblins
  A jackal (D:1)
  5 bats
  6 frilled lizards
  3 kobolds
  A quokka skeleton (D:4)
  5 rats
141 creatures vanquished.

Vanquished Creatures (others)
  4 slaves (D:7)
  An adder skeleton (D:7)
5 creatures vanquished.

Grand Total: 146 creatures vanquished

Notes
Turn   | Place    | Note
-------+----------+-------------------------------------------
     0 | D:1      | kiturien the Gnoll Fighter began the quest for the Orb.
     0 | D:1      | Reached XP level 1. HP: 23/23 MP: 1/1
   330 | D:1      | Reached XP level 2. HP: 29/29 MP: 2/2
  1055 | D:2      | Reached XP level 3. HP: 35/35 MP: 3/3
  1140 | D:2      | Reached skill level 1 in Invocations
  1222 | D:2      | Reached skill level 1 in Short Blades
  1222 | D:2      | Reached skill level 1 in Axes
  1222 | D:2      | Reached skill level 1 in Maces & Flails
  1222 | D:2      | Reached skill level 1 in Polearms
  1222 | D:2      | Reached skill level 1 in Staves
  1222 | D:2      | Reached skill level 1 in Slings
  1222 | D:2      | Reached skill level 1 in Bows
  1222 | D:2      | Reached skill level 1 in Crossbows
  1222 | D:2      | Reached skill level 1 in Throwing
  1222 | D:2      | Reached skill level 1 in Dodging
  1222 | D:2      | Reached skill level 1 in Stealth
  1222 | D:2      | Reached skill level 1 in Unarmed Combat
  1222 | D:2      | Reached skill level 1 in Spellcasting
  1222 | D:2      | Reached skill level 1 in Evocations
  1346 | D:3      | Gained mutation: Your flesh is cold resistant. (rC+) [potion of mutation]
  1346 | D:3      | Gained mutation: You are weak. (Str -2) [potion of mutation]
  1346 | D:3      | Gained mutation: You can translocate small distances at will. [potion of mutation]
  1346 | D:3      | Gained mutation: Your mind is acute. (Int +2) [potion of mutation]
  1539 | D:3      | Reached XP level 4. HP: 38/41 MP: 5/5
  1548 | D:3      | Reached skill level 1 in Conjurations
  1548 | D:3      | Reached skill level 1 in Hexes
  1548 | D:3      | Reached skill level 1 in Charms
  1548 | D:3      | Reached skill level 1 in Summonings
  1548 | D:3      | Reached skill level 1 in Necromancy
  1548 | D:3      | Reached skill level 1 in Translocations
  1548 | D:3      | Reached skill level 1 in Transmutations
  1548 | D:3      | Reached skill level 1 in Fire Magic
  1548 | D:3      | Reached skill level 1 in Ice Magic
  1548 | D:3      | Reached skill level 1 in Air Magic
  1548 | D:3      | Reached skill level 1 in Earth Magic
  1548 | D:3      | Reached skill level 1 in Poison Magic
  1682 | D:3      | Lost mutation: Your mind is acute. (Int +2) [potion of mutation]
  1682 | D:3      | Lost mutation: Your flesh is cold resistant. (rC+) [potion of mutation]
  1682 | D:3      | Gained mutation: You are clumsy. (Dex -2) [potion of mutation]
  1682 | D:3      | Gained mutation: Your system is resistant to poisons. (rPois) [potion of mutation]
  1682 | D:3      | Gained mutation: Armour fits poorly on your strangely shaped body. [potion of mutation]
  1682 | D:3      | Gained mutation: You have sharp fingernails. [potion of mutation]
  1696 | D:3      | Found a shattered altar of Ashenzari.
  1936 | D:3      | Lost mutation: You are clumsy. (Dex -2) [potion of mutation]
  1936 | D:3      | Lost mutation: Your system is resistant to poisons. (rPois) [potion of mutation]
  1936 | D:3      | Lost mutation: You are weak. (Str -2) [potion of mutation]
  1936 | D:3      | Gained mutation: You have an increased reservoir of magic. (+10% MP) [potion of mutation]
  1936 | D:3      | Gained mutation: You have a pair of small horns on your head. [potion of mutation]
  1936 | D:3      | Gained mutation: You are covered in fur. (AC +1) [potion of mutation]
  2073 | D:4      | Reached XP level 5. HP: 45/47 MP: 7/7
  2141 | D:4      | Reached XP level 6. HP: 35/53 MP: 9/9
  2371 | D:4      | Found Caamad's Antique Armour Boutique.
  2374 | D:4      | Bought a glowing scale mail for 182 gold pieces
  2436 | D:4      | Found a hazy altar of Hepliaklqana.
  2437 | D:4      | Found a sacrificial altar of Ru.
  2531 | D:5      | Entered Level 5 of the Dungeon
  2704 | D:5      | Reached skill level 5 in Long Blades
  2722 | D:5      | Found a sacrificial altar of Ru.
  2775 | D:5      | Reached XP level 7. HP: 54/59 MP: 11/11
  3506 | D:5      | Reached XP level 8. HP: 46/67 MP: 13/13
  3687 | D:5      | Found a runed door.
  3691 | D:5      | Noticed Crazy Yiuf
  3699 | D:5      | Killed Crazy Yiuf
  3910 | D:6      | Noticed Edmund
  3942 | D:6      | Killed Edmund
  3963 | D:6      | Noticed a gargoyle
  3979 | D:6      | Killed a gargoyle
  4462 | D:6      | Reached XP level 9. HP: 68/72 MP: 16/16
  4517 | D:6      | Found a burning altar of Makhleb.
  4610 | D:6      | Noticed Dowan
  4611 | D:6      | Noticed Duvessa
  4622 | D:6      | Killed Dowan
  4646 | D:6      | Killed Duvessa
  5327 | D:7      | Noticed Pikel
  5348 | D:7      | Killed Pikel
  5832 | D:7      | Found a shadowy altar of Dithmenos.
  5838 | D:7      | Found a staircase to the Ecumenical Temple.
  5846 | Temple   | Entered the Ecumenical Temple
  5851 | Temple   | Became a worshipper of the Wu Jian Council
  5931 | D:7      | Noticed Joseph
  5944 | D:7      | Killed Joseph
  5944 | D:7      | Reached skill level 5 in Invocations
  6095 | D:8      | Found a shimmering altar of Xom.
  6223 | D:8      | Reached XP level 10. HP: 47/80 MP: 18/18
  6550 | D:9      | Noticed Gastronok
  6554 | D:9      | Mangled by Gastronok

Vault maps used:
D:1:      dpeg_arrival_rooms_b, serial_bayou, serial_bayou_pond_b,
          serial_bayou_lagoon_a, serial_bayou_crossing, serial_bayou_shore_b
D:3:      evilmike_ruin_ashenzari
D:4:      chequers_temple_overflow_statue_of_worship, serial_shops,
          nicolae_shop_behind_doors
D:5:      first_bread, nicolae_ru_great_annihilating_truth,
          uniq_crazy_yiuf_cottage
D:6:      basic_altar, uniq_edmund, uniq_duvessa
D:7:      minmay_temple_entry_overgrown,
          nicolae_dithmenos_through_a_glass_darkly, uniq_pikel, uniq_joseph
D:8:      david_nohive_1, serial_park_tiny_pond, brannock_xom_greatest_gift
D:9:      hangedman_decor_opposing, minmay_holes, uniq_gastronok
Temple:   regret_index_temple_chain_breaker

Skill      XL: |  1  2  3  4  5  6  7  8  9 10 |
---------------+-------------------------------+-----
Invocations    | 1 2 3 4 5 |  5.4
Short Blades   | 1 2 3 4 |  4.9
Axes           | 1 2 3 4 |  4.9
Maces & Flails | 1 2 3 4 |  4.9
Polearms       | 1 2 3 4 |  4.9
Staves         | 1 2 3 4 |  4.9
Slings         | 1 2 3 4 |  4.9
Bows           | 1 2 3 4 |  4.9
Crossbows      | 1 2 3 4 |  4.9
Throwing       | 1 2 3 4 |  4.9
Dodging        | 1 2 3 4 |  4.9
Stealth        | 1 2 3 4 |  4.9
Unarmed Combat | 1 2 3 4 |  4.9
Spellcasting   | 1 2 3 4 |  4.9
Evocations     | 1 2 3 4 |  4.9
Conjurations   | 1 2 3 4 |  4.1
Hexes          | 1 2 3 4 |  4.1
Charms         | 1 2 3 4 |  4.1
Summonings     | 1 2 3 4 |  4.1
Necromancy     | 1 2 3 4 |  4.1
Translocations | 1 2 3 4 |  4.1
Transmutations | 1 2 3 4 |  4.1
Fire Magic     | 1 2 3 4 |  4.1
Ice Magic      | 1 2 3 4 |  4.1
Air Magic      | 1 2 3 4 |  4.1
Earth Magic    | 1 2 3 4 |  4.1
Poison Magic   | 1 2 3 4 |  4.1
Long Blades    | 5 6 |  6.8
Fighting       | 7 8 |  8.3
Armour         | 7 8 |  8.3
Shields        | 7 8 |  8.3

Action                   |  1- 3 |  4- 6 |  7- 9 | 10-12 || total
-------------------------+-------+-------+-------+-------++-------
Melee: Long sword        |    83 |    95 |   363 |    72 ||   613
       Bite              |     5 |    13 |    62 |    11 ||    91
       Headbutt          |       |    14 |    93 |    20 ||   127
  Use: Potion            |     2 |     2 |     3 |     1 ||     8
       Scroll            |     1 |     6 |     4 |       ||    11
 Stab: Paralysed         |       |     1 |       |       ||     1
       Sleeping          |       |       |     1 |       ||     1
  Eat: Chunk             |     1 |     2 |     5 |     3 ||    11
       Bread ration      |       |     1 |     1 |       ||     2
       Fruit             |       |       |     1 |       ||     1
Armor: Scale mail        |    31 |    13 |    84 |    13 ||   141
Dodge: Dodged            |    22 |    25 |   114 |    57 ||   218
Block: Shield            |    47 |    53 |   193 |    66 ||   359
       Rpst.: Long sword |     8 |     7 |    35 |    18 ||    68

Table legend:
 A = Spawn XP
 B = Non-spawn XP
 C = Spawn XP percentage of total XP
 D = Spawn monster count
 E = Non-spawn monster count
 F = Spawn count percentage of total count
 G = Total turns spent on level
                    A         B        C        D         E        F      G
               +---------+---------+-------+---------+---------+-------+---------
         Total |       0 |    5436 |   0.0 |       0 |     141 |   0.0 |  6554
               +---------+---------+-------+---------+---------+-------+---------
           D:1 |       0 |      18 |   0.0 |       0 |      10 |   0.0 |   694
           D:2 |       0 |      59 |   0.0 |       0 |      20 |   0.0 |   650
           D:3 |       0 |      73 |   0.0 |       0 |      13 |   0.0 |   706
           D:4 |       0 |     183 |   0.0 |       0 |       8 |   0.0 |   481
           D:5 |       0 |    1233 |   0.0 |       0 |      33 |   0.0 |  1460
           D:6 |       0 |    1301 |   0.0 |       0 |      12 |   0.0 |  1505
           D:7 |       0 |    1456 |   0.0 |       0 |      27 |   0.0 |   580
           D:8 |       0 |    1052 |   0.0 |       0 |      17 |   0.0 |   460
           D:9 |       0 |      61 |   0.0 |       0 |       1 |   0.0 |     4
               +---------+---------+-------+---------+---------+-------+---------
